[Event "Titled Tuesday Blitz September 27 Early 2022"]
[White "Rostomyan, Mikayel"]
[Black "Ciuffoletti, Paolo"]
[WhiteFideId "13313754"]
[BlackFideId "807630"]
[WhiteElo "1426"]
[BlackElo "2143"]
[Result "1-0"]
[Round "03"]
[TimeControl "180+1"]
[Date "2022.09.27"]
[WhiteClock "0:01:05"]
[BlackClock "0:00:05"]

1. d4 d5 2. c4 c6 3. Nf3 Nf6 4. e3 Bf5 5. Nc3 e6 6. Nh4 Be4 7. f3 Bg6 8. Qb3 Qb6 9. Nxg6 hxg6 10. Bd2 Bd6 11. f4 Qxb3 12. axb3 Ne4 13. Nxe4 dxe4 14. c5 Bc7 15. b4 g5 16. g3 gxf4 17. gxf4 b6 18. b5 bxc5 19. dxc5 Nd7 20. b6 Bd8 21. Rxa7 Rb8 22. b4 e5 23. Ba6 Nxb6 24. cxb6 Bxb6 25. Rb7 Rxb7 26. Bxb7 exf4 27. Bxc6+ Ke7 28. exf4 e3 29. Bc3 Rd8 30. Ke2 f6 31. b5 Ke6 32. Rd1 Rxd1 33. Kxd1 Kf5 34. Ke2 Kxf4 35. Bb4 g5 36. Bd6+ Kg4 37. Bd7+ f5 38. Be6 Bd4 39. Bc7 1-0


[Site "https://www.chess.com"]

[Event "Titled Tuesday Blitz September 27 Early 2022"]
[White "Rottenwohrer Suarez, Juan"]
[Black "Aizpurua, Patrick Emilio"]
[WhiteFideId "32068182"]
[BlackFideId "6600522"]
[WhiteElo "2132"]
[BlackElo "2378"]
[Result "0-1"]
[Round "03"]
[TimeControl "180+1"]
[Date "2022.09.27"]
[WhiteClock "0:00:01"]
[BlackClock "0:00:49"]

1. e4 e5 2. Nf3 Nc6 3. Bb5 a6 4. Ba4 Nf6 5. O-O Be7 6. Re1 b5 7. Bb3 d6 8. h3 O-O 9. c3 Be6 10. d4 exd4 11. cxd4 Bxb3 12. axb3 Re8 13. Nc3 Bf8 14. Bg5 h6 15. Bh4 g5 16. Bg3 b4 17. Na4 Nxe4 18. Qc2 Nxg3 19. Qxc6 Ne2+ 20. Kh1 Nf4 21. Re3 Rxe3 22. fxe3 Ne6 23. d5 Ng7 24. Rc1 Nf5 25. e4 Ng3+ 26. Kh2 Nxe4 27. Nd4 Bg7 28. Nf5 Be5+ 29. Kg1 Ng3 30. Nxh6+ Kg7 31. Ng4 Ne2+ 32. Kh1 Nxc1 33. Qxc1 f6 34. Qc2 Qd7 35. Ne3 Re8 36. Nf5+ Kf8 37. Nh6 Qg7 38. Ng4 Bg3 0-1


[Site "https://www.chess.com"]

[Event "Titled Tuesday Blitz September 27 Early 2022"]
[White "Runets, Ivan"]
[Black "Hambleton, Aman"]
[WhiteFideId "13511564"]
[BlackFideId "2606577"]
[WhiteElo "1962"]
[BlackElo "2538"]
[Result "0-1"]
[Round "03"]
[TimeControl "180+1"]
[Date "2022.09.27"]
[WhiteClock "0:00:06"]
[BlackClock "0:00:06"]

1. d4 Nf6 2. c4 e6 3. Nc3 Bb4 4. e3 O-O 5. Bd3 c5 6. Ne2 b6 7. O-O Bb7 8. d5 exd5 9. cxd5 Re8 10. e4 d6 11. Bg5 h6 12. Bh4 a6 13. a4 Nbd7 14. f3 Ne5 15. Bc2 Ng6 16. Bf2 Bc8 17. Qc1 Bd7 18. Nf4 Ne5 19. Nd3 Nxd3 20. Bxd3 Qc7 21. Bh4 Nh7 22. Qc2 Nf8 23. Bg3 Bxc3 24. Qxc3 b5 25. b3 Qb6 26. Bf2 Qb7 27. Bc2 Ng6 28. b4 cxb4 29. Qxb4 Rec8 30. Bd3 Ne5 31. Be2 Nc4 32. Rfc1 a5 33. Qb3 Rab8 34. axb5 Bxb5 35. Rab1 Qa6 36. Bxc4 Bxc4 37. Qxb8 Rxb8 38. Rxb8+ Kh7 39. Rb6 Qc8 40. Rc6 Qb7 41. R6xc4 Qb2 42. Bd4 Qa2 43. Rc6 Qd2 44. Bf2 a4 45. Ra1 Qb2 46. Rcc1 a3 47. Be1 a2 48. Bc3 Qe2 49. Bd4 Qd2 50. Rd1 Qc2 51. Kf1 h5 52. Be3 f6 53. Rd2 Qb1+ 54. Rd1 Qc2 55. Rdc1 Qb2 56. Bf2 h4 57. Re1 g5 58. h3 Kg6 59. Rad1 Kf7 60. Bd4 Qb5+ 61. Re2 Qa4 62. Kf2 Qxd1 63. Rxa2 Qxd4+ 64. Kf1 Qc4+ 65. Re2 Kg6 66. Kf2 f5 67. Re1 Kf6 68. exf5 Qd4+ 69. Kf1 Qd3+ 70. Kf2 Qxd5 71. Re6+ Kxf5 72. Re4 Qxe4 73. fxe4+ Kxe4 74. Ke2 Kf4 0-1


[Site "https://www.chess.com"]

[Event "Titled Tuesday Blitz September 27 Early 2022"]
[White "Rustemov, Alexander"]
[Black "Rosen, Eric"]
[WhiteFideId "4119002"]
[BlackFideId "2032562"]
[WhiteElo "2811"]
[BlackElo "2362"]
[Result "1-0"]
[Round "03"]
[TimeControl "180+1"]
[Date "2022.09.27"]
[WhiteClock "0:00:09"]
[BlackClock "0:00:01"]

1. d4 d5 2. c4 e6 3. Nc3 Nf6 4. Nf3 a6 5. cxd5 exd5 6. Bg5 Be7 7. e3 O-O 8. Qc2 Nbd7 9. Bd3 Re8 10. O-O c6 11. h3 Nf8 12. Bf4 Bd6 13. Bxd6 Qxd6 14. Rab1 a5 15. a3 Ng6 16. Rfc1 b5 17. Bxb5 cxb5 18. Nxb5 Qf8 19. Nc7 Be6 20. Qc5 Bf5 21. Ra1 Rac8 22. Qxa5 Red8 23. b4 Be4 24. Ne5 Qe7 25. Nc6 Qd7 26. Nxd8 Rxd8 27. Na6 Re8 28. Qc7 Qf5 29. Qg3 h5 30. Nc7 h4 31. Qh2 Rd8 32. Nb5 Bd3 33. Nd6 Qe6 34. Rc6 Ne4 35. Nxe4 Qxc6 36. Nc5 Bc4 37. a4 Ra8 38. a5 Qb5 39. Rb1 Rxa5 40. Qc7 Ra8 41. Nd7 Bd3 42. Rc1 Bf5 43. Ne5 Qxb4 44. Qxf7+ Kh8 45. Qxf5 Nxe5 46. dxe5 Rf8 47. Qg4 Qd2 48. Qxh4+ Kg8 49. Rf1 Qe2 50. Qd4 g5 51. Qxd5+ Kh7 52. Qd7+ Kg8 53. Qg4 Qd3 54. Qxg5+ Kh8 55. Qh5+ Kg7 56. Qg4+ Kh8 57. Rd1 Qh7 58. Rd4 Qe7 59. Qh4+ 1-0


[Site "https://www.chess.com"]

[Event "Titled Tuesday Blitz September 27 Early 2022"]
[White "Sahil, Tickoo"]
[Black "Salman, Pavel"]
[WhiteFideId "5019710"]
[BlackFideId "24153753"]
[WhiteElo "2047"]
[BlackElo "2039"]
[Result "0-1"]
[Round "03"]
[TimeControl "180+1"]
[Date "2022.09.27"]
[WhiteClock "0:00:04"]
[BlackClock "0:00:18"]

1. d4 Nf6 2. c4 c5 3. d5 b5 4. cxb5 a6 5. b6 e6 6. Nc3 Nxd5 7. Nxd5 exd5 8. Qxd5 Nc6 9. Nf3 Rb8 10. Qe4+ Be7 11. Bg5 O-O 12. Bxe7 Nxe7 13. e3 Rxb6 14. b3 d5 15. Qc2 Bf5 16. Bd3 Bxd3 17. Qxd3 Rg6 18. O-O Qd6 19. Rfd1 h5 20. Rac1 Re8 21. Qc2 Qf6 22. Rd2 h4 23. Qd1 h3 24. g3 Nf5 25. Rxc5 Nd6 26. Rcxd5 Ne4 27. Rd8 Rxd8 28. Rxd8+ Kh7 29. Rd4 Nc3 30. Rh4+ Rh6 31. Qd3+ g6 32. Rxh6+ Kxh6 33. e4 Nxa2 34. Qe3+ Kg7 35. e5 Qf5 36. Qe1 Qxf3 0-1


[Site "https://www.chess.com"]

[Event "Titled Tuesday Blitz September 27 Early 2022"]
[White "Sala, Giulia"]
[Black "Devaev, Alexander"]
[WhiteFideId "2840451"]
[BlackFideId "4169395"]
[WhiteElo "1627"]
[BlackElo "2185"]
[Result "0-1"]
[Round "03"]
[TimeControl "180+1"]
[Date "2022.09.27"]
[WhiteClock "0:00:57"]
[BlackClock "0:01:16"]

1. f4 d5 2. Nf3 g6 3. g3 Bg7 4. Bg2 b6 5. O-O Bb7 6. d3 Nh6 7. Qe1 d4 8. e4 dxe3 9. Qxe3 O-O 10. Nc3 Nd7 11. Kh1 c5 12. Bd2 Nf6 13. Rae1 Nf5 14. Qe2 Nd4 15. Nxd4 Bxg2+ 16. Kxg2 cxd4 17. Ne4 Nd5 18. Nf2 Qd7 19. Qe4 e6 20. Ng4 f5 21. Ne5 fxe4 22. Nxd7 e3 23. Nxf8 exd2 24. Rd1 Ne3+ 25. Kf2 Nxd1+ 26. Rxd1 Kxf8 27. Rxd2 Rc8 28. Kf3 Ke7 29. Ke4 Kd6 30. Re2 Re8 31. g4 a5 32. h4 b5 33. Rh2 e5 34. f5 gxf5+ 35. gxf5 Bf6 36. Rg2 Re7 37. h5 Rg7 38. Rh2 Rg4+ 39. Kf3 Rf4+ 40. Kg3 Rxf5 41. Kg4 Rf4+ 42. Kg3 h6 43. Rg2 Bg5 44. Re2 Kd5 45. Kh3 b4 46. a3 Rf3+ 47. Kg4 Rf4+ 48. Kh3 bxa3 49. bxa3 Rh4+ 50. Kg3 Rxh5 51. Rf2 Bh4+ 52. Kg4 Bxf2 53. Kxh5 Be3 0-1


[Site "https://www.chess.com"]

[Event "Titled Tuesday Blitz September 27 Early 2022"]
[White "Samaganova, Aleksandra"]
[Black "Miszler, Levente"]
[WhiteFideId "13800221"]
[BlackFideId "763276"]
[WhiteElo "1864"]
[BlackElo "1966"]
[Result "0-1"]
[Round "03"]
[TimeControl "180+1"]
[Date "2022.09.27"]
[WhiteClock "0:00:08"]
[BlackClock "0:00:07"]

1. c4 e5 2. Nc3 Nc6 3. g3 f5 4. Bg2 Nf6 5. e3 g6 6. Nge2 Bg7 7. O-O O-O 8. d4 e4 9. Rb1 d5 10. cxd5 Nxd5 11. Nxd5 Qxd5 12. Nc3 Qf7 13. b4 Be6 14. b5 Ne7 15. a4 Nd5 16. Qc2 g5 17. Ba3 Rfe8 18. Rbc1 Rac8 19. a5 c6 20. bxc6 Rxc6 21. Qb2 Rec8 22. Nb5 Qd7 23. Nxa7 Rxc1 24. Rxc1 Ra8 25. Nb5 Rxa5 26. Bf1 f4 27. exf4 gxf4 28. Nd6 e3 29. Rc8+ Bf8 30. Bb5 Qg7 31. Re8 fxg3 32. hxg3 Bh3 33. Rxf8+ Qxf8 34. Nc4 Rxa3 35. Nxa3 exf2+ 36. Qxf2 Qxa3 37. Bc4 Qc1+ 38. Bf1 Bxf1 39. Qxf1 Qxf1+ 40. Kxf1 Kf7 41. Kf2 Ke6 42. Kf3 Kf5 43. g4+ Kg5 44. Ke4 Nf6+ 45. Ke5 Nxg4+ 46. Kd6 Ne3 47. Kc7 Kf4 48. Kxb7 Ke4 49. d5 Kxd5 0-1


[Site "https://www.chess.com"]

[Event "Titled Tuesday Blitz September 27 Early 2022"]
[White "Samarth, J Rao"]
[Black "Garv Gaur"]
[WhiteFideId "46652370"]
[BlackFideId "45030839"]
[WhiteElo "1514"]
[BlackElo "1950"]
[Result "0-1"]
[Round "03"]
[TimeControl "180+1"]
[Date "2022.09.27"]
[WhiteClock "0:00:05"]
[BlackClock "0:01:31"]

1. c4 e6 2. d4 d5 3. Nc3 Nf6 4. cxd5 exd5 5. Bg5 c6 6. e3 Be7 7. Qc2 h6 8. Bh4 O-O 9. Bd3 Nbd7 10. Nge2 a5 11. a4 Nb8 12. f3 Na6 13. Qd2 Nb4 14. Bb1 Re8 15. O-O Be6 16. Nf4 Qd7 17. Nxe6 Qxe6 18. Bf2 c5 19. g4 cxd4 20. exd4 Bd6 21. Bf5 Qe7 22. Rfe1 Qf8 23. Nb5 g6 24. Nxd6 Qxd6 25. Bg3 Qb6 26. Be5 Rxe5 27. Rxe5 Nc6 28. Re2 Nxd4 29. Kh1 Nxe2 30. Qxe2 gxf5 31. gxf5 Kh7 32. Qe7 Rg8 33. Qxf7+ Rg7 34. Qf8 Qf2 35. Qxg7+ Kxg7 36. Rg1+ Kf7 37. Rg2 Qf1+ 38. Rg1 Qxf3+ 39. Rg2 Ne4 40. b4 Nf2+ 41. Kg1 Nh3+ 42. Kh1 Qf1+ 43. Rg1 Qxg1# 0-1


[Site "https://www.chess.com"]

[Event "Titled Tuesday Blitz September 27 Early 2022"]
[White "Samunenkov, Ihor"]
[Black "Reyes, Narquingden"]
[WhiteFideId "14187086"]
[BlackFideId "5217334"]
[WhiteElo "2441"]
[BlackElo "2313"]
[Result "0-1"]
[Round "03"]
[TimeControl "180+1"]
[Date "2022.09.27"]
[WhiteClock "0:00:09"]
[BlackClock "0:01:41"]

1. e4 c6 2. Nf3 d5 3. Nc3 Bg4 4. h3 Bxf3 5. Qxf3 Nf6 6. Be2 e5 7. O-O d4 8. Nb1 Bd6 9. c3 O-O 10. cxd4 exd4 11. d3 Nbd7 12. Bd1 Re8 13. Nd2 c5 14. Nc4 Bc7 15. a4 b6 16. Bf4 a6 17. Bb3 Qb8 18. Bxc7 Qxc7 19. Na3 Ne5 20. Qe2 Nc6 21. f4 Na5 22. Ba2 Qc6 23. Qc2 Rac8 24. Nc4 Nxc4 25. Qxc4 Qb7 26. e5 b5 27. axb5 axb5 28. Qb3 Nh5 29. Kh2 g6 30. f5 g5 31. e6 fxe6 32. fxe6 Re7 33. Rf7 Nf4 34. Rxe7 Qxg2# 0-1


[Site "https://www.chess.com"]

[Event "Titled Tuesday Blitz September 27 Early 2022"]
[White "Saucey, Michel"]
[Black "Winterberg, Lukas"]
[WhiteFideId "601845"]
[BlackFideId "24622702"]
[WhiteElo "2253"]
[BlackElo "2349"]
[Result "0-1"]
[Round "03"]
[TimeControl "180+1"]
[Date "2022.09.27"]
[WhiteClock "0:01:17"]
[BlackClock "0:01:07"]

1. d4 d6 2. e4 c6 3. c4 e5 4. Nf3 Nf6 5. Nc3 Nbd7 6. Be2 Be7 7. O-O O-O 8. Be3 Re8 9. d5 cxd5 10. cxd5 a6 11. a4 b6 12. Nd2 Bb7 13. b4 a5 14. b5 Rc8 15. Rc1 h6 16. Nc4 Nh7 17. g3 Nc5 18. Qd2 Bg5 19. f4 exf4 20. gxf4 Bf6 21. Bxc5 Rxc5 22. Bd3 Bd4+ 23. Kh1 Nf6 24. Ne2 Rxd5 25. exd5 Bxd5+ 26. Rf3 Bxf3# 0-1


[Site "https://www.chess.com"]

[Event "Titled Tuesday Blitz September 27 Early 2022"]
[White "Saya, Ethan"]
[Black "Derjabin, Ilja"]
[WhiteFideId "26095181"]
[BlackFideId "14104768"]
[WhiteElo "2162"]
[BlackElo "2341"]
[Result "0-1"]
[Round "03"]
[TimeControl "180+1"]
[Date "2022.09.27"]
[WhiteClock "0:01:51"]
[BlackClock "0:01:31"]

1. e4 c5 2. Nc3 g6 3. g3 Bg7 4. Bg2 Nc6 5. Nge2 e6 6. d3 Nge7 7. Be3 d6 8. Qd2 Rb8 9. d4 cxd4 10. Nxd4 O-O 11. O-O a6 12. Nxc6 bxc6 13. Bh6 Bxh6 14. Qxh6 Rxb2 15. Rad1 Rxc2 16. Rd3 d5 17. Bh3 Qa5 18. exd5 Rxc3 19. d6 Rxd3 20. dxe7 Re8 21. Rb1 Qh5 22. Qf4 Qxh3 23. Qf6 Qf5 24. Qb2 Rxe7 25. h4 Red7 26. Kh2 Rd2 27. h5 Qxf2+ 28. Kh3 Qg2+ 29. Kg4 R7d4+ 30. Kg5 Qxg3+ 31. Kh6 Qf4# 0-1


[Site "https://www.chess.com"]

[Event "Titled Tuesday Blitz September 27 Early 2022"]
[White "Schill, William"]
[Black "Silva, Kevin Ranidu"]
[WhiteFideId "2016710"]
[BlackFideId "9935258"]
[WhiteElo "1936"]
[BlackElo "1626"]
[Result "0-1"]
[Round "03"]
[TimeControl "180+1"]
[Date "2022.09.27"]
[WhiteClock "0:00:01"]
[BlackClock "0:00:21"]

1. e4 e5 2. Nf3 Nc6 3. Nc3 Nf6 4. Be2 Bc5 5. Nxe5 Bxf2+ 6. Kxf2 Nxe5 7. d4 Ng6 8. e5 Ng8 9. Rf1 N8e7 10. Kg1 O-O 11. Ne4 d5 12. Ng3 c5 13. c3 Be6 14. Be3 cxd4 15. cxd4 Rc8 16. Qd2 Qb6 17. Rac1 Nc6 18. Nf5 Bxf5 19. Rxf5 Rc7 20. Rff1 Rfc8 21. Bf3 Nge7 22. Bg4 Rd8 23. h3 Ng6 24. Kh1 Na5 25. b3 Nc6 26. Bg5 Re8 27. Be3 Nf8 28. Qf2 Ne6 29. Bxe6 Rxe6 30. Qf3 Rd7 31. Rfd1 f6 32. exf6 Rxf6 33. Qg4 Rdf7 34. Bg1 Rf8 35. Qd7 Rd8 36. Qg4 Qc7 37. Rc2 Qd6 38. Rf2 Rdf8 39. Rxf6 Qxf6 40. Qd7 Qf7 41. Qxf7+ Rxf7 42. Re1 Kf8 43. Re6 Rf4 0-1


[Site "https://www.chess.com"]

[Event "Titled Tuesday Blitz September 27 Early 2022"]
[White "Seifert, Henryk"]
[Black "Haitin, Ilja"]
[WhiteFideId "1100963"]
[BlackFideId "4501764"]
[WhiteElo "2120"]
[BlackElo "2243"]
[Result "0-1"]
[Round "03"]
[TimeControl "180+1"]
[Date "2022.09.27"]
[WhiteClock "0:00:09"]
[BlackClock "0:00:07"]

1. e4 d6 2. d4 Nf6 3. Bd3 e5 4. c3 d5 5. dxe5 Nxe4 6. Bxe4 dxe4 7. Qxd8+ Kxd8 8. Bf4 Nd7 9. Nd2 Nc5 10. Bg5+ Be7 11. Bxe7+ Kxe7 12. Ne2 Nd3+ 13. Kf1 e3 14. fxe3 Nxb2 15. Nf4 Rd8 16. Ke2 b6 17. Nb3 Ba6+ 18. Kf2 Nd3+ 19. Nxd3 Rxd3 20. Rac1 Rad8 21. Nd4 Bb7 22. Ke2 Be4 23. Rhf1 c5 24. Rf4 cxd4 25. Rxe4 dxc3 26. Rc2 Rd2+ 27. Rxd2 Rxd2+ 28. Kf3 b5 29. Rd4 Rxd4 30. exd4 c2 31. Ke4 c1=Q 32. Kd5 Qc4+ 33. Ke4 Ke6 34. a3 Qd5+ 35. Ke3 a5 36. g3 b4 37. g4 bxa3 38. g5 a2 39. g6 hxg6 40. h4 a1=Q 41. h5 Qaxd4+ 0-1


[Site "https://www.chess.com"]

[Event "Titled Tuesday Blitz September 27 Early 2022"]
[White "Sellitti, Federico"]
[Black "Ilkhomi, Jaloliddin"]
[WhiteFideId "821829"]
[BlackFideId "14700948"]
[WhiteElo "2511"]
[BlackElo "1440"]
[Result "1-0"]
[Round "03"]
[TimeControl "180+1"]
[Date "2022.09.27"]
[WhiteClock "0:01:21"]
[BlackClock "0:00:05"]

1. e4 e6 2. b3 d5 3. Bb2 dxe4 4. Nc3 Nf6 5. Qe2 Nbd7 6. Nxe4 Nxe4 7. Qxe4 Nf6 8. Qh4 Nd5 9. Qg3 Nf6 10. O-O-O b6 11. Nf3 Bb7 12. Bb5+ c6 13. Bd3 Qd6 14. Ne5 Nd7 15. Rhe1 Nxe5 16. Bxe5 Qa3+ 17. Kb1 O-O-O 18. Bxg7 Rg8 19. Bxf8 Rgxf8 20. f4 Rd5 21. Re5 Rfd8 22. Rxd5 cxd5 23. f5 d4 24. fxe6 fxe6 25. Re1 Qd6 26. Qxd6 Rxd6 27. Bxh7 Bxg2 28. h4 Rd7 29. Bg6 Bh3 30. h5 Bf5 31. Bxf5 exf5 32. Re8+ Kc7 33. Rf8 Rh7 34. Rxf5 Kd6 35. Rf4 Ke5 36. Rh4 Rh6 37. Kb2 a6 38. b4 b5 39. Kb3 Kd5 40. a4 Ke5 41. axb5 axb5 42. c4 dxc3 43. dxc3 Kd5 44. Rh1 Kc6 45. c4 bxc4+ 46. Kxc4 Kb6 47. Kd4 Kb5 48. Ke5 Kxb4 49. Kf5 Kc5 50. Kg5 Rd6 51. h6 Rd5+ 52. Kf6 Rd6+ 53. Ke7 Ra6 54. h7 Ra7+ 55. Ke6 Ra6+ 56. Ke5 1-0


[Site "https://www.chess.com"]

[Event "Titled Tuesday Blitz September 27 Early 2022"]
[White "Seo, Jung Min"]
[Black "Jobava, Baadur"]
[WhiteFideId "1734687"]
[BlackFideId "13601520"]
[WhiteElo "2455"]
[BlackElo "2582"]
[Result "0-1"]
[Round "03"]
[TimeControl "180+1"]
[Date "2022.09.27"]
[WhiteClock "0:00:16"]
[BlackClock "0:00:45"]

1. d4 Nf6 2. c4 c5 3. d5 g6 4. Nc3 Bg7 5. e4 d6 6. Be2 O-O 7. Nf3 e6 8. O-O exd5 9. cxd5 Re8 10. Nd2 Nbd7 11. Re1 a6 12. a4 Rb8 13. Bf1 h5 14. Nc4 Ne5 15. Nxe5 Rxe5 16. Bf4 Nd7 17. h3 h4 18. Qd2 g5 19. Bh2 Qf6 20. f4 gxf4 21. Bxf4 Re8 22. Bg5 Qd4+ 23. Qxd4 cxd4 24. Nd1 Nc5 25. Nf2 Bd7 26. a5 d3 27. Nxd3 Nxe4 28. Bxh4 Bb5 29. Nf2 Bxb2 30. Bxb5 axb5 31. Rab1 Bd4 32. Rb4 Nc3 33. Rxe8+ Rxe8 34. Kf1 Bc5 35. Rb3 Nxd5 36. Ng4 b4 37. Nf6+ Nxf6 38. Bxf6 Re6 39. Bh4 f5 40. Be1 Re4 41. Rf3 f4 42. h4 Kh7 43. Bd2 Be3 44. Bxe3 fxe3 45. Rf7+ Kg6 46. Rxb7 Rxh4 47. a6 Rh1+ 48. Ke2 Ra1 49. Rb6 Kf5 50. Rxd6 Ke4 51. Re6+ Kd4 52. Rxe3 Rxa6 53. Re8 b3 54. Rb8 Kc3 55. g4 b2 56. Kf3 Ra4 0-1


[Site "https://www.chess.com"]

[Event "Titled Tuesday Blitz September 27 Early 2022"]
[White "Sethuraman, S.P."]
[Black "Kvon, Andrey"]
[WhiteFideId "5021596"]
[BlackFideId "14201356"]
[WhiteElo "2425"]
[BlackElo "2458"]
[Result "1-0"]
[Round "03"]
[TimeControl "180+1"]
[Date "2022.09.27"]
[WhiteClock "0:00:20"]
[BlackClock "0:00:15"]

1. d4 e6 2. c4 f5 3. g3 Nf6 4. Bg2 c6 5. Nf3 d5 6. O-O Bd6 7. b3 Qe7 8. Bb2 b6 9. Qc1 Ba6 10. Ba3 Bxa3 11. Nxa3 Nbd7 12. Re1 Qd6 13. Qb2 Rb8 14. Rac1 O-O 15. b4 c5 16. cxd5 exd5 17. bxc5 bxc5 18. dxc5 Rxb2 19. cxd6 Rxa2 20. Nc2 Bc4 21. Nfd4 Ne4 22. Ne3 Nxd6 23. Nxd5 Rd2 24. Red1 Rxd1+ 25. Rxd1 Nb6 26. Ne7+ Kf7 27. Nec6 Nb5 28. Ne5+ Kf6 29. Nxc4 Rd8 30. Nxb6 Nxd4 31. Nd5+ Ke5 32. e3 Nc6 33. f4+ 1-0


[Site "https://www.chess.com"]

[Event "Titled Tuesday Blitz September 27 Early 2022"]
[White "Shandrygin, Nikita"]
[Black "Vargas, Mauricio"]
[WhiteFideId "24198668"]
[BlackFideId "4404572"]
[WhiteElo "2323"]
[BlackElo "2004"]
[Result "1-0"]
[Round "03"]
[TimeControl "180+1"]
[Date "2022.09.27"]
[WhiteClock "0:00:22"]
[BlackClock "0:00:10"]

1. e4 d5 2. exd5 Qxd5 3. Nf3 Qa5 4. Be2 c6 5. O-O Nf6 6. d4 h5 7. c4 Qc7 8. Nc3 Bg4 9. h3 Nbd7 10. Be3 Bxf3 11. Bxf3 Ng4 12. Bxg4 hxg4 13. Qxg4 Nf6 14. Qf3 e6 15. d5 Bd6 16. Rfd1 exd5 17. cxd5 O-O 18. dxc6 bxc6 19. Rac1 Rab8 20. Bg5 Be5 21. Bxf6 Bxf6 22. Nd5 Qe5 23. Nxf6+ Qxf6 24. Qxf6 gxf6 25. b3 Rbc8 26. Rd6 Kg7 27. Rcxc6 Rfe8 28. Rxc8 Rxc8 29. Ra6 Rc7 30. Kh2 Kg6 31. Kg3 Kf5 32. h4 Rc3+ 33. f3 Rc7 34. Ra5+ Ke6 35. h5 f5 36. h6 f6 37. Kf4 Rh7 38. Ra6+ Kd5 39. Rxf6 a5 40. Kxf5 a4 41. bxa4 Ra7 42. Kg6 Rxa4 43. g3 Rxa2 44. h7 Rh2 45. Rf4 Ke6 46. Rh4 Rg2 47. h8=Q Rxg3+ 48. Rg4 Rxf3 49. Qe8+ Kd5 50. Qe4+ Kd6 51. Qxf3 Ke5 52. Re4+ Kd5 53. Qf5+ Kd6 54. Re6+ Kc7 55. Qf7+ Kb8 56. Re8# 1-0


[Site "https://www.chess.com"]

[Event "Titled Tuesday Blitz September 27 Early 2022"]
[White "Shapiro, Daniel"]
[Black "Sadykov, Ramil"]
[WhiteFideId "2001780"]
[BlackFideId "24113590"]
[WhiteElo "2220"]
[BlackElo "2243"]
[Result "0-1"]
[Round "03"]
[TimeControl "180+1"]
[Date "2022.09.27"]
[WhiteClock "0:00:04"]
[BlackClock "0:00:14"]

1. d4 Nf6 2. c4 c5 3. d5 b5 4. cxb5 a6 5. e3 axb5 6. Bxb5 Qa5+ 7. Nc3 g6 8. Nf3 Ba6 9. Bxa6 Qxa6 10. Qe2 Bg7 11. e4 d6 12. h3 O-O 13. Bf4 Nbd7 14. Qxa6 Rxa6 15. O-O Rb8 16. Rfb1 Nxe4 17. Nxe4 Bxb2 18. Bc1 Bxa1 19. Rxa1 Nb6 20. Nc3 Na4 21. Nxa4 Rxa4 22. a3 Rb3 23. Kf1 Rd3 24. Rb1 f6 25. Bh6 Kf7 26. Rb8 g5 27. h4 gxh4 28. Be3 Rxd5 29. Rh8 Rh5 30. Bc1 d5 31. Rc8 c4 32. Rc7 Ke6 33. Nd4+ Kd6 34. Nb5+ Ke6 35. Nd4+ Ke5 36. Nc6+ Kd6 37. Rc8 c3 38. Nb4 d4 39. Rd8+ Kc5 40. Rc8+ Kb5 41. Rd8 e5 42. Rd5+ Kc4 43. Rd6 f5 44. Re6 e4 45. Rc6+ Kb3 46. Nd5 Rc4 47. Rb6+ Kc2 48. Bf4 h3 49. Nb4+ Rxb4 50. axb4 h2 51. Bxh2 Rxh2 52. Kg1 Rh5 53. b5 d3 54. Rc6 d2 55. b6 Rg5 0-1


[Site "https://www.chess.com"]

[Event "Titled Tuesday Blitz September 27 Early 2022"]
[White "Shashikant, Kutwal"]
[Black "Jean Louis, Marckens"]
[WhiteFideId "5006520"]
[BlackFideId "11900270"]
[WhiteElo "2321"]
[BlackElo "2031"]
[Result "0-1"]
[Round "03"]
[TimeControl "180+1"]
[Date "2022.09.27"]
[WhiteClock "0:00:03"]
[BlackClock "0:00:58"]

1. e4 e6 2. d4 d5 3. Nc3 Nf6 4. e5 Nfd7 5. f4 c5 6. Nf3 cxd4 7. Nxd4 Nc6 8. Be3 Bc5 9. Qd2 a6 10. O-O-O Qa5 11. Kb1 Nxd4 12. Bxd4 Bxd4 13. Qxd4 Qc5 14. Qxc5 Nxc5 15. Bd3 Bd7 16. Ne2 Rc8 17. Nd4 O-O 18. g3 Rc7 19. h4 Rfc8 20. g4 Nxd3 21. cxd3 g6 22. h5 Bb5 23. hxg6 hxg6 24. Nxb5 axb5 25. Rc1 Kg7 26. g5 Rc6 27. Rxc6 bxc6 28. Rc1 Kf8 29. Rc5 Ke7 30. Kc2 Kd7 31. Kb3 Kc7 32. a3 Kb6 33. Rc2 Rh8 34. Rf2 Rh3 35. Kc3 c5 36. b3 c4 37. bxc4 dxc4 38. Rd2 Kc5 39. Kc2 Kd4 40. dxc4+ Kxc4 41. Rd7 Rxa3 42. Rxf7 Ra2+ 43. Kd1 Ra6 44. Rf6 b4 45. Rxg6 b3 46. Rg8 Rb6 47. Rc8+ Kd3 48. g6 b2 49. Rd8+ Ke3 0-1


[Site "https://www.chess.com"]

[Event "Titled Tuesday Blitz September 27 Early 2022"]
[White "Shivika, Rohilla"]
[Black "Perez Gormaz, Matias"]
[WhiteFideId "45015414"]
[BlackFideId "3406342"]
[WhiteElo "1605"]
[BlackElo "2341"]
[Result "0-1"]
[Round "03"]
[TimeControl "180+1"]
[Date "2022.09.27"]
[WhiteClock "0:00:16"]
[BlackClock "0:00:14"]

1. e4 c5 2. Nf3 e6 3. d4 cxd4 4. Nxd4 a6 5. c4 Nf6 6. Nc3 Qc7 7. a3 b6 8. Be3 Bb7 9. f3 h5 10. Be2 h4 11. Qd2 Bd6 12. Rc1 Bxh2 13. Na4 Bg3+ 14. Kd1 d6 15. b4 Nbd7 16. Nb3 O-O 17. Bg5 Bxe4 18. Bxh4 Bxh4 19. Rxh4 Bg6 20. Nb2 Rfd8 21. Nd3 Ne5 22. Nf4 Qe7 23. Nxg6 Nxg6 24. Rh1 e5 25. Ke1 a5 26. b5 a4 27. Na1 d5 28. Qg5 Qxa3 29. Nc2 Qc5 30. Ne3 Ne7 31. Nxd5 Nexd5 32. cxd5 Qb4+ 33. Kf2 Qd4+ 34. Kg3 Qf4+ 35. Qxf4 exf4+ 36. Kxf4 Nxd5+ 37. Kg3 a3 38. Ra1 Nc3 39. Bc4 Rd4 40. Bb3 Rb4 41. Bc2 Rxb5 42. Bh7+ Kf8 43. Bd3 Rba5 44. Rh8+ Ke7 45. Rxa8 Rxa8 46. Kf2 b5 47. Ke3 b4 48. Kd2 Kd6 49. Kc2 Kc5 50. Kb3 g6 51. g4 a2 52. Bc4 Ra3+ 53. Kb2 Kxc4 54. Rxa2 Rxa2+ 55. Kc1 b3 56. f4 Rc2# 0-1


[Site "https://www.chess.com"]

[Event "Titled Tuesday Blitz September 27 Early 2022"]
[White "Shyaamnikhil P"]
[Black "Kamsky, Gata"]
[WhiteFideId "5024218"]
[BlackFideId "2000024"]
[WhiteElo "2273"]
[BlackElo "2666"]
[Result "1/2-1/2"]
[Round "03"]
[TimeControl "180+1"]
[Date "2022.09.27"]
[WhiteClock "0:00:13"]
[BlackClock "0:00:22"]

1. d4 Nf6 2. Nf3 g6 3. g3 Bg7 4. Bg2 d5 5. O-O O-O 6. c4 c6 7. b3 a5 8. Nc3 Ne4 9. Bb2 Bf5 10. e3 Na6 11. Nd2 Nf6 12. a3 Qd7 13. Na4 Rab8 14. Nb6 Qd8 15. c5 Nd7 16. Nxd7 Qxd7 17. Qc1 Bh3 18. Bc3 Bxg2 19. Kxg2 Qd8 20. b4 axb4 21. axb4 Nc7 22. Nb3 Qd7 23. Qc2 Nb5 24. Nc1 Rfe8 25. Ne2 e5 26. dxe5 Nxc3 27. Qxc3 Bxe5 28. Nd4 h5 29. h3 Bf6 30. Rfd1 Re4 31. Ra7 Rbe8 32. Qc2 Qc8 33. Qb1 Qb8 34. Ra5 Bd8 35. Ra4 Bf6 36. b5 Qc8 37. Ra7 Bxd4 38. Rxd4 Rxd4 39. exd4 h4 40. g4 Kg7 41. bxc6 bxc6 42. Qd3 Qe6 43. Qf3 Qf6 44. Rc7 Re6 45. Qxf6+ Kxf6 46. Kf3 g5 47. Kg2 Kg7 48. f4 gxf4 49. Kf3 Kg6 50. Kxf4 f6 51. Kf3 Re4 52. Rxc6 Rxd4 53. Rd6 Rd3+ 54. Kg2 d4 55. c6 Rc3 56. Rxd4 Rxc6 57. Rd5 Rc3 58. Kh2 Rc2+ 59. Kh1 Rc1+ 60. Kh2 Rc2+ 61. Kh1 Rc1+ 62. Kh2 Rc2+ 1/2-1/2


[Site "https://www.chess.com"]